 Dungeon Crawl Stone Soup version 0.19.1-1-g22dce08 (webtiles) character file.

476 Jynx the Covert (level 6, 0/32 HPs)
             Began as a Spriggan Assassin on Jan 7, 2017.
             Was a Follower of Ashenzari.
             Succumbed to a scorpion's poison
             ... on level 4 of the Dungeon.
             The game lasted 00:10:35 (4826 turns).

Jynx the Covert (Spriggan Assassin)                 Turns: 4826, Time: 00:10:35

Health: 0/32       AC:  4    Str:  7    XL:     6   Next: 85%
Magic:  7/7        EV: 25    Int: 13    God:    Ashenzari [*.....]
Gold:   155        SH:  0    Dex: 24    Spells: 0 memorised, 5 levels left

rFire  . . .     SeeInvis +     a - +2 dagger (curse)
rCold  . . .     Gourm    .     c - +0 robe (curse)
rNeg   . . .     Faith    .     (shield restricted)
rPois  .         Spirit   .     (helmet restricted)
rElec  .         Reflect  .     d - +1 cloak
rCorr  .         Harm     .     (gloves unavailable)
MR     +....                    (boots unavailable)
Stlth  ++++++....               (no amulet)
                                (no ring)
                                (no ring)

@: agile, lethally poisoned (0 -> -19), very quick
A: unfitting armour, see invisible, herbivore 3, speed 3, slow metabolism 2
a: Curse Item, Scrying, Renounce Religion


You were on level 4 of the Dungeon.
You worshipped Ashenzari.
Ashenzari was aware of your devotion.
You were hungry.

You visited 1 branch of the dungeon, and saw 4 of its levels.

You collected 155 gold pieces.

Inventory:

Hand Weapons
 a - a cursed +2 dagger (weapon)
 b - a +0 blowgun
Missiles
 e - 24 poisoned needles
 f - 10 curare-tipped needles
Armour
 c - a cursed +0 robe (worn)
 d - a +1 cloak (worn)
Jewellery
 j - an uncursed ring of stealth
 k - an uncursed amulet of faith
 p - an uncursed ring of protection from fire
 q - an uncursed amulet of magic regeneration
 s - an uncursed amulet of guardian spirit
Scrolls
 h - a scroll of identify
 i - a scroll of recharging
 o - 2 scrolls of teleportation
Potions
 l - a potion of degeneration
 n - a potion of curing
Comestibles
 g - 5 bread rations


   Skills:
 + Level 2.7 Fighting
 * Level 4.7 Short Blades
 + Level 3.2 Throwing
 + Level 3.4 Dodging
 * Level 8.7 Stealth


You had 5 spell levels left.
You didn't know any spells.

Dungeon Overview and Level Annotations

Branches:
Dungeon (4/15)             Temple (0/1) D:4

Altars:
Ashenzari
Makhleb


Innate Abilities, Weirdness & Mutations

You are very small and have problems with some larger weapons.
You are too small for most types of armour.
You have supernaturally acute eyesight. (SInv)
You are a herbivore.
You cover ground extremely quickly.
You need consume almost no food.


Message History

You are too injured to fight recklessly!
You are too injured to fight recklessly!
You are too injured to fight recklessly!
You are too injured to fight recklessly!
You closely miss the scorpion.
The scorpion is almost dead.
* * * LOW HITPOINT WARNING * * *
You feel sick. The scorpion barely misses you.
You hit the scorpion.
You kill the scorpion!
* * * LOW HITPOINT WARNING * * *
You feel sick.
* * * LOW HITPOINT WARNING * * *
You feel sick.
You see here a scorpion corpse.
* * * LOW HITPOINT WARNING * * *
You feel sick.
* * * LOW HITPOINT WARNING * * *
You feel sick.
You die...

##.............#####.....##.%.
#############...####....#8...
###......#####... ####
##......## #8.. .....
##>..###..##
.....####.††#####..#_
..............# #####.
..............# #8.
....#.@......# ##8
..........>...# ###
.....#........# #. ####
#........# ## #........#
#........# ##########


There were no monsters in sight!

Vanquished Creatures
  Sigmund (D:2)
  A scorpion (D:4)
  A hound (D:4)
  An orc wizard (D:3)
  Natasha (twice) (D:2)
  An iguana (D:4)
  7 adders
  An ooze (D:2)
  3 worms (D:2)
  A dart slug (D:1)
  5 leopard geckos
  8 orcs (D:3)
  7 bats
  3 giant cockroaches
  6 goblins
  6 hobgoblins
  A jackal (D:3)
  3 quokkas
  2 ball pythons (D:2)
  10 kobolds
  6 rats
76 creatures vanquished.

Notes
Turn   | Place    | Note
-------+----------+-------------------------------------------
     0 | D:1      | Jynx the Spriggan Assassin began the quest for the Orb.
     0 | D:1      | Reached XP level 1. HP: 10/10 MP: 2/2
    42 | D:1      | Reached skill level 6 in Stealth
    80 | D:1      | Found a shattered altar of Ashenzari.
    87 | D:1      | Reached XP level 2. HP: 10/15 MP: 3/3
   144 | D:1      | Became a worshipper of Ashenzari the Shackled
  1013 | D:2      | Reached XP level 3. HP: 18/18 MP: 4/4
  1635 | D:2      | Noticed Natasha
  1656 | D:2      | Killed Natasha
  1656 | D:2      | Reached XP level 4. HP: 18/23 MP: 5/5
  1704 | D:2      | Noticed Natasha
  1724 | D:2      | Killed Natasha
  2011 | D:2      | Reached skill level 7 in Stealth
  2110 | D:2      | Reached * piety under Ashenzari
  2133 | D:2      | Noticed Sigmund
  2140 | D:2      | Killed Sigmund
  2140 | D:2      | Reached XP level 5. HP: 26/27 MP: 6/6
  2594 | D:3      | Reached XP level 6. HP: 26/31 MP: 7/7
  2907 | D:3      | Reached skill level 8 in Stealth
  3573 | D:4      | Found a staircase to the Ecumenical Temple.
  4680 | D:4      | Found a burning altar of Makhleb.
  4825 | D:4      | HP: 1/32 [poisoned by a scorpion]
  4826 | D:4      | Succumbed to a scorpion's poison

Skill      XL: |  1  2  3  4  5  6 |
---------------+-------------------+-----
Stealth        | 6 7 8 |  8.7
Dodging        | 2 3 |  3.4
Short Blades   | 3 4 |  4.7
Fighting       | 2 |  2.7
Throwing       | 3 |  3.2

Action                   |  1- 3 |  4- 6 || total
-------------------------+-------+-------++-------
Melee: Dagger            |   105 |   271 ||   376
 Fire: Blowgun           |     9 |       ||     9
Invok: Curse Item        |       |     2 ||     2
  Use: Scroll            |     4 |     4 ||     8
       Potion            |       |     4 ||     4
 Stab: Sleeping          |    10 |    12 ||    22
       Distracted        |       |     2 ||     2
  Eat: Fruit             |       |     1 ||     1
Armor: Robe              |     4 |    30 ||    34
Dodge: Dodged            |    55 |   176 ||   231
